 Dungeon Crawl Stone Soup version 0.29.1-12-g30fa7ad0bf (webtiles) character file.

Game seed: 15102471705887576921

505 H0rd4k the Insei (level 7, -2/48 HPs)
             Began as an Octopode Artificer on Dec 20, 2022.
             Slain by an orc warrior
             ... wielding a +0 trident
              (16 damage)
             ... on level 5 of the Dungeon.
             The game lasted 00:03:43 (5256 turns).

H0rd4k the Insei (Octopode Artificer)               Turns: 5256, Time: 00:03:44

Health: -2/48      AC:  2    Str: 11    XL:     7   Next: 18%
Magic:  0/11       EV: 13    Int: 18    God:
Gold:   226        SH:  0    Dex: 13    Spells: 12/12 levels left

rFire   . . .      SeeInvis .     - Unarmed
rCold   . . .      Faith    .   (no shield)
rNeg    + . .      Spirit   +   y - +1 hat {Int+3}
rPois   .          Reflect  .   q - amulet of guardian spirit
rElec   .          Harm     .   n - ring of positive energy
rCorr   .          Rampage  .   (no ring)
Will    .....                   (no ring)
Stlth   +++.......              (no ring)
HPRegen 0.16/turn               (no ring)
MPRegen 0.12/turn               (no ring)
                                (no ring)
                                (no ring)

@: no status effects
A: almost no armour, amphibious, 8 rings, camouflage 1, gelatinous body 1,
(nimble swimmer 1), tentacles
a: no special abilities


You were on level 5 of the Dungeon.
You visited 1 branch of the dungeon, and saw 5 of its levels.

You collected 226 gold pieces.

Inventory:

Missiles
 x - 6 poisoned darts
Armour
 y - a +1 hat of intelligence (worn)
Magical Staves
 a - a staff of air
Jewellery
 n - a ring of positive energy (left tentacle)
 q - an amulet of guardian spirit (around mantle)
Wands
 b - a wand of flame (42) (quivered)
 c - a wand of charming (9)
 d - a wand of paralysis (9)
Scrolls
 g - a scroll of fear {unknown}
 h - a scroll of summoning {unknown}
 i - 2 scrolls of magic mapping {unknown}
 j - a scroll of teleportation {unknown}
 m - 2 scrolls of identify {unknown}
 o - a scroll of poison {unknown}
 p - a scroll of noise {unknown}
 r - a scroll of vulnerability {unknown}
 t - a scroll of butterflies {unknown}
 w - a scroll of silence {unknown}
Potions
 e - 5 potions of heal wounds {unknown}
 f - a potion of haste {unknown}
 k - a potion of lignification {unknown}
 l - a potion of brilliance {unknown}
 s - a potion of attraction {unknown}
 u - a potion of curing {unknown}
 v - 2 potions of might {unknown}
 z - a potion of magic {unknown}
 A - a potion of degeneration {unknown}


   Skills:
 * Level 4.0 Fighting
 - Level 2.3 Dodging
 - Level 1.3 Stealth
 + Level 4.6 Unarmed Combat
 * Level 3.1 Spellcasting
 - Level 3.2 Evocations


You had 12 spell levels left.
You didn't know any spells.
Your spell library contained the following spells:

 Spells                   Type           Power      Damage    Failure   Level
 Magic Dart               Conj           8%         1d3       16%         1
 Call Imp                 Summ           2%         N/A       24%         2
 Confusing Touch          Hex            2%         N/A       43%         3
 Mephitic Cloud           Conj/Pois/Air  2%         N/A       43%         3
 Yara's Violent Unravell  Hex/Tmut       1%         3d3       99%         5
 Enfeeble                 Hex            1%         N/A       100%        7


Dungeon Overview and Level Annotations

Branches:
Dungeon (5/15)
 Temple: D:4-7

Altars:
Okawaru
Trog


Innate Abilities, Weirdness & Mutations

You cannot wear most types of armour.
You are amphibious.
You can wear up to eight rings at the same time.
Your skin changes colour to match your surroundings (Stealth+).
Your rubbery body absorbs attacks. (AC +1, EV +1)
((You are camouflaged when in or above water. (Stealth+)))
You have tentacles for arms and can constrict up to eight enemies at once.


Message History

You tentacle-slap the iguana. Your grab misses the iguana.
The iguana is lightly wounded.
The iguana barely misses you.
You closely miss the iguana. You grab the iguana.
The iguana is lightly wounded.
You constrict the iguana. The iguana barely misses you.
You tentacle-slap the iguana.
The iguana is heavily wounded.
You constrict the iguana. You tentacle-slap the iguana. You squeeze the iguana.
You kill the iguana!
Your Fighting skill increases to level 4!
No target in view!
An orc comes into view. It is wielding a +0 dagger.
The orc shouts!
You hear a shout!
An orc warrior comes into view. It is wielding a +0 trident.
There are monsters nearby!
The orc warrior shouts!
You see here 3 gold pieces.
The orc hits you with a +0 dagger.
There are monsters nearby!
You tentacle-slap the orc. You grab the orc.
You squeeze the orc, but do no damage.
The orc is lightly wounded.
You constrict the orc. The orc hits you with a +0 dagger.
The orc warrior hits you from afar with a +0 trident!
You tentacle-slap the orc.
You kill the orc!
The orc warrior hits you from afar with a +0 trident!
The orc warrior hits you with a +0 trident!
* * * LOW HITPOINT WARNING * * *
Things that are here:
a +0 dagger; a +0 leather armour; an orc corpse You barely miss the orc warrior.
You grab the orc warrior. You squeeze the orc warrior.
The orc warrior is lightly wounded.
You constrict the orc warrior, but do no damage.
An orc comes into view. It is wielding a +0 flail.
The orc warrior hits you with a +0 trident!!
You die...

..[# #.. ##.# #.# #.#
#.# #.# #.# #.# #.#
#.# #.# #.####.#
#....#.###########o#
##..#.........$.@o..#
.#....###############
.#.#.## .#.#.# .#.#.#
...รท.# ####.# #.#
#.#


You could see an orc warrior and an orc.

Vanquished Creatures
  A black bear (D:4)
  A phantom (D:5)
  A necrophage (D:5)
  A hound (D:4)
  A jelly (D:5)
  An iguana (D:5)
  Terence (D:3)
  8 adders
  A shadow imp (D:4)
  2 ufetubi
  5 dart slugs
  10 orcs
  3 ball pythons
  3 endoplasms
  2 giant cockroaches
  3 goblins
  4 hobgoblins
  6 jackals
  A quokka (D:2)
  3 bats
  4 frilled lizards
  7 kobolds
  3 rats
72 creatures vanquished.

Vanquished Creatures (collateral kills)
  A rat (D:3)
1 creature vanquished.

Vanquished Creatures (others)
  An orc wizard (D:3)
  An orc (D:3)
2 creatures vanquished.

Grand Total: 75 creatures vanquished

Notes
Turn   | Place    | Note
-------+----------+-------------------------------------------
     0 | D:1      | H0rd4k the Octopode Artificer began the quest for the Orb.
     0 | D:1      | Reached XP level 1. HP: 13/13 MP: 1/1
    60 | D:1      | Found a faded altar of an unknown god.
   365 | D:1      | Reached XP level 2. HP: 18/18 MP: 3/3
   473 | D:1      | Reached skill level 1 in Spellcasting
  1411 | D:2      | Reached XP level 3. HP: 20/24 MP: 3/5
  1515 | D:2      | Reached skill level 1 in Unarmed Combat
  2214 | D:3      | HP: 1/24 [orc/+0 dagger (3)]
  2224 | D:3      | HP: 1/24 [kobold/stone (1)]
  2601 | D:3      | Noticed Terence
  2611 | D:3      | Reached XP level 4. HP: 18/30 MP: 2/6
  2614 | D:3      | Killed Terence
  3220 | D:4      | Reached XP level 5. HP: 32/35 MP: 8/8
  3369 | D:4      | Identified the +2 cloak of Hopscotch {Int+2}
  3748 | D:4      | Found a bloodstained altar of Trog.
  4015 | D:4      | Noticed a black bear
  4064 | D:4      | Killed a black bear
  4065 | D:4      | Reached XP level 6. HP: 23/42 MP: 8/10
  4657 | D:5      | Entered Level 5 of the Dungeon
  4792 | D:5      | Found an iron altar of Okawaru.
  4819 | D:5      | Reached XP level 7. HP: 47/47 MP: 11/11
  5256 | D:5      | Slain by an orc warrior

Illustrated notes

Levels and vault maps discovered:
D:1:      kennysheep_arrival_seaside, layout_loops_corners,
          chequers_ecumenical_altar_simple, minmay_tiny_reverse_x
D:2:      layout_loops_corners, kennysheep_small_spiral
D:3:      layout_rooms, uniq_terence
D:4:      layout_basic, mainiacjoe_overflow_concentric_impassable
D:5:      layout_loops_ring, general_overflow_altar, grunt_tough_drop

Skill      XL: |  1  2  3  4  5  6  7 |
---------------+----------------------+-----
Spellcasting   | 1 2 3 |  3.1
Fighting       | 2 3 4 |  4.0
Unarmed Combat | 1 2 3 4 |  4.6
Dodging        | |  2.3
Stealth        | |  1.3
Evocations     | |  3.2

Action                   |  1- 3 |  4- 6 |  7- 9 || total
-------------------------+-------+-------+-------++-------
Melee: Unarmed           |    62 |    90 |    25 ||   177
       Constrict         |    17 |    21 |    10 ||    48
       Tentacles         |    15 |    23 |    10 ||    48
       Punch             |     2 |     2 |       ||     4
Evoke: Wand              |     8 |    14 |       ||    22
 Stab: Sleeping          |    13 |     2 |     1 ||    16
Armor: Skin              |     7 |     6 |       ||    13
Dodge: Dodged            |    39 |    76 |    11 ||   126
